[Event "*** Biggest EVER Titled Tuesday"]
[Site "Chess.com"]
[Date "2018.04.17"]
[Round "4"]
[White "AndrewDGreen"]
[Black "SelfishShellfish"]
[Result "1-0"]
[WhiteElo "2154"]
[BlackElo "2180"]
[TimeControl "180+2"]
[EndTime "13:54:25 PDT"]
[Termination "AndrewDGreen won by resignation"]

1. d4 d5 2. Bf4 Nf6 3. e3 c5 4. Nc3 Nc6 5. Nb5 Qa5+ 6. c3 Bg4 7. f3 O-O-O 8. fxg4 e5 9. dxe5 Ne4 10. Nf3 Be7 11. Bd3 g5 12. Bg3 Nxg3 13. hxg3 c4 14. Bf5+ Kb8 15.
Nbd4 Bc5 16. b4 cxb3 17. axb3 Qxc3+ 18. Kf1 Qxe3 19. Nxc6+ bxc6 20. Qc2 h5 21. Qe2 hxg4 22. Qxe3 Bxe3 23. Rxh8 Rxh8 24. Ke2 d4 25. Ne1 Re8 26.
Ra5 Kb7 27. Nd3 Kb6 28. Rc5 Rh8 29. Bxg4 Rh2 30. Bf3 g4 31. Be4 Rh6 32. Bf5 Rh2 33. Be4 Rh6 34. Rc4 a5 35. Nb2 Rh5 36. Na4+ Kb5 37. Bxc6+ Ka6 38. Nc5+ Kb6 39. Be4 a4 40.
Nxa4+ Ka5 41. Rc5+ Kb4 42. Rd5 Kxb3 43. Nc5+ Kc4 44.
Nd3 f5 45. Rc5+ Kb3 46. Bd5+ Ka3 47. e6 Bg5 48. Rc7 Rh8 49. Rg7 Bf6 50. Rf7 Rh6 51.
e7 Bxe7 52. Rxe7 Rh2 53. Rf7 f4 54. Rxf4 Rxg2+ 55. Bxg2 1-0

[Event "*** Biggest EVER Titled Tuesday"]
[Site "Chess.com"]
[Date "2018.04.17"]
[Round "4"]
[White "AnonymousBread"]
[Black "lupta_robin"]
[Result "0-1"]
[WhiteElo "2396"]
[BlackElo "2446"]
[TimeControl "180+2"]
[EndTime "13:54:28 PDT"]
[Termination "lupta_robin won by resignation"]

1. d4 Nf6 2. Bf4 g6 3. Nc3 d5 4. e3 Bg7 5. h4 c6 6. h5 Nxh5 7. Rxh5 gxh5 8. Qxh5 Nd7 9. Bd3 Nf6 10.
Qh2 Be6 11. Nf3 Qa5 12. O-O-O Ne4 13. Bc7 b6 14. Nxe4 dxe4 15. Bxe4 Bd5 16. Bxd5 cxd5 17.
Be5 f6 18. Qh5+ Kf8 19. Bf4 Qxa2 20. Bh6 Qa1+ 21. Kd2 Qxb2 22. Nh4 Rc8 23. Bxg7+ Kxg7 24.
Qg4+ Kf7 25. Qh5+ Ke6 26. Qg4+ Kd6 27. Nf5+ Kc7 28. Qf3 e6 29. Ng7 Kb8 30. Rc1 Qb4+ 31. Kd1 Qe7 32. Nh5 Rhf8 33. Ng3 Qd6 34. Ra1 f5 35. Qh5 Rc7 36. Ne2 Rfc8 37. Ra2 Qb4 38. Nc1 Qb1 39. Qe2 Rc4 40. Qd2 Qb4 41. Qd3 Rc3 42. Qd2 R3c4 43. Qd3 a5 44. g3 Qc3 45. Qe2 Qb4 46. Qd3 Kb7 47. Qe2 Qd6 48. Nd3 R8c7 49.
Rb2 Qa3 50. Rb1 Qa2 51. Rc1 a4 52. Ne5 Rc3 53. Qd2 a3 54. Nd3 R7c6 55. Nc5+ R6xc5 56. dxc5 Rxc5 57. Qd4 Qc4 58. Qa1 Qf1+ 59. Kd2 Qxf2+ 60. Kd3 d4 61. Qxd4 Rd5 0-1

[Event "*** Biggest EVER Titled Tuesday"]
[Site "Chess.com"]
[Date "2018.04.17"]
[Round "4"]
[White "calemcc"]
[Black "grzechu96"]
[Result "0-1"]
[WhiteElo "2247"]
[BlackElo "2448"]
[TimeControl "180+2"]
[EndTime "13:54:30 PDT"]
[Termination "grzechu96 won by checkmate"]

1. d4 d5 2. c4 c6 3. Nc3 Nf6 4. e3 e6 5. Nf3 Nbd7 6. Qc2 Bd6 7.
Bd2 O-O 8. Bd3 dxc4 9. Bxc4 b5 10. Bd3 Bb7 11. Ng5 h6 12. Nce4 Be7 13. Nxf6+ Nxf6 14. Ne4 Nd7 15. b4 e5 16. O-O exd4 17. exd4 Nb6 18. Nc5 Bc8 19. Rfe1 Bf6 20. Rad1 Nd5 21. Ne4 Bxd4 22. Qxc6 Rb8 23. Nd6 Rb6 24. Qxc8 Qxd6 25. Qg4 Nf6 26. Qf5 a6 27. a3 Rb7 28.
Bf4 Qb6 29. Bg3 g6 30. Qf3 Rd7 31. Be5 Bxe5 32. Rxe5 Rfd8 33. Ree1 Kg7 34. h3 h5 35.
Re3 Nd5 36. Re5 Nc3 37. Rd2 Nb1 38. Bxb1 Rxd2 39. Qc3 Qd4 40. Qxd4 R8xd4 41. Be4 Ra2 42. Bb7 Rxa3 43. Rc5 Rxb4 44. Rc6 a5 45. Rc7 Rd4 46. Rc5 b4 47. Rb5 Rd2 48. Bd5 Ra1+ 49. Kh2 Rxf2 50.
Rb7 Rf5 51. Be6 Rf6 52. Bd5 Rd1 53. Rb5 Rf5 54. Bc4 Rxb5 55. Bxb5 b3 56. Ba4 b2 57. Bxd1 b1=Q 58. Bf3 a4 59. h4 a3 60. Kg3 a2 61.
Bxh5 gxh5 62. Kf4 a1=Q 63. Kg5 Qe5# 0-1

[Event "*** Biggest EVER Titled Tuesday"]
[Site "Chess.com"]
[Date "2018.04.17"]
[Round "4"]
[White "Koksik_13"]
[Black "GM_dmitrij"]
[Result "1-0"]
[WhiteElo "2493"]
[BlackElo "2648"]
[TimeControl "180+2"]
[EndTime "13:54:35 PDT"]
[Termination "Koksik_13 won by resignation"]

1. e4 e5 2. Nf3 Nc6 3. Nc3 Nf6 4. d4 exd4 5. Nxd4 Bc5 6. Nxc6 bxc6 7. Bd3 d6 8. O-O Ng4 9. Qf3 Qh4 10. Bf4 Ne5 11. Bxe5 dxe5 12. Bc4 O-O 13. h3 Rb8 14. Rad1 Rxb2 15. Bb3 Ba6 16. Na4 Bxf1 17. Nxc5 Qe7 18. Qc3 Be2 19. Re1 Bh5 20. Nd3 Rxb3 21. cxb3 f6 22.
Qxc6 Qd6 23. Qc3 Rd8 24. Nb4 Qd2 25. Qxd2 Rxd2 26. Rc1 a5 27. Nd5 Rxa2 28. Rxc7 Bd1 29. Rb7 Rb2 30. Ne7+ Kf8 31. Nf5 Rxb3 32. Rxg7 Bc2 33.
Rc7 Rb1+ 34. Kh2 Rb2 35. f3 a4 36. Ra7 Ke8 37. h4 h5 38. Ng7+ Kd8 39. Nxh5 Kc8 40.
Nxf6 Kb8 41. Ra5 Bd1 42. Kg3 Kb7 43. h5 Kb6 44. Rd5 Bb3 45. Rd6+ Kb5 46. h6 Rb1 47. Ng4 Rc1 48. Rd8 Rc7 49. Nf6 a3 50. Ra8 Ba4 51. Nd5 a2 52. Nxc7+ Kb4 53. Nd5+ Kb3 54.
Rxa4 Kxa4 55. Nc3+ Kb3 56. Nxa2 1-0

[Event "*** Biggest EVER Titled Tuesday"]
[Site "Chess.com"]
[Date "2018.04.17"]
[Round "4"]
[White "Blackmind96"]
[Black "pulvettd"]
[Result "0-1"]
[WhiteElo "2542"]
[BlackElo "2524"]
[TimeControl "180+2"]
[EndTime "13:54:36 PDT"]
[Termination "pulvettd won by resignation"]

1. d4 Nf6 2. c4 g6 3. Nc3 Bg7 4. e4 O-O 5. f3 d6 6. Be3 c5 7. Nge2 Nc6 8. Qd2 Qa5 9. O-O-O e5 10. dxc5 dxc5 11. Kb1 Nd4 12. Nd5 Qxd2 13. Nxf6+ Bxf6 14. Rxd2 Be6 15. Nc3 Rab8 16. Bd3 a6 17. Nd5 Bg7 18. Rc1 h6 19. Rdd1 Rfd8 20. Bf2 Kf8 21. Bh4 Rd7 22. Nb6 Rd6 23. Nd5 Rd7 24. Nb6 Rd6 25.
Nd5 g5 26. Be1 Rc6 27. Bf2 b5 28. h3 Rcc8 29. Be1 Rb7 30. Ba5 f6 31. Bf1 b4 32.
Nb6 Rcb8 33. Na4 Rc8 34. Bb6 f5 35. Bxc5+ Kf7 36. exf5 Bxf5+ 37. Bd3 Bxd3+ 38. Rxd3 Ne6 39. Bd6 Nf4 40. Rd2 Rc6 41. c5 Ne6 42. b3 Nd4 43. Rcd1 Nb5 44. Nb2 Nc3+ 45. Kc2 Nxd1 46. Rxd1 Rd7 47. Nc4 Ke6 48. Re1 a5 49. Nxa5 Rdxd6 50. Nxc6 Rxc6 51. Kd3 Rxc5 52. Re2 Kd5 53. Rd2 Rc3+ 54.
Ke2+ Ke6 55. g3 e4 56. fxe4 Rxg3 0-1

[Event "*** Biggest EVER Titled Tuesday"]
[Site "Chess.com"]
[Date "2018.04.17"]
[Round "4"]
[White "ToivoK3"]
[Black "Godzillator"]
[Result "0-1"]
[WhiteElo "2228"]
[BlackElo "2291"]
[TimeControl "180+2"]
[EndTime "13:54:39 PDT"]
[Termination "Godzillator won by resignation"]

1. b3 Nf6 2. Bb2 e6 3. Nf3 b6 4. g3 Bb7 5. Bg2 Be7 6. O-O O-O 7. c4 c5 8. e3 d5 9. Nc3 dxc4 10. bxc4 Nc6 11.
Qe2 Rc8 12. Rfd1 Qc7 13. Rac1 Qb8 14. d4 cxd4 15. exd4 Rfe8 16. d5 exd5 17. Nxd5 Nxd5 18. cxd5 Bf6 19. Qd2 Bxb2 20. Qxb2 Na5 21. Nh4 Nc4 22. Qd4 Nd6 23. Qf4 g6 24. Bf3 Rxc1 25. Rxc1 Nb5 26. Qxb8 Rxb8 27. Re1 Nd4 28. Bg2 Kf8 29. Nf3 Nb5 30.
Ne5 Rd8 31. Nc6 Bxc6 32. dxc6 Rc8 33. Rd1 Rc7 34. Rd8+ Ke7 35. Rb8 Nd4 36. Kf1 Nxc6 37. Bxc6 Rxc6 38. Rb7+ Ke6 39. Rxa7 h5 40. Ra6 Kd5 41. Kg2 f5 42. Ra8 Kc4 43. Kf3 Kd3 44. h4 Kc2 45. Kf4 Kb2 46. Kg5 Rd6 47. a4 Kb3 48. a5 b5 49. a6 b4 50. a7 Ra6 51. f4 Ka3 52. Rb8 Rxa7 53. Kxg6 Ra5 54. Kxh5 Ka4 55. Kg6 Rb5 56. Ra8+ Kb3 57. h5 Kc2 58.
Rc8+ Kd2 59. Rd8+ Kc2 60. Re8 b3 61. Re2+ Kd3 62. Re1 b2 63. h6 b1=Q 64. Rxb1 Rxb1 65. h7 Rh1 66. Kg7 Ke4 67. h8=Q Rxh8 68. Kxh8 Kf3 69. Kg7 Kxg3 0-1

[Event "*** Biggest EVER Titled Tuesday"]
[Site "Chess.com"]
[Date "2018.04.17"]
[Round "4"]
[White "AkshatChandra"]
[Black "Infernal_XaM"]
[Result "1-0"]
[WhiteElo "2798"]
[BlackElo "2731"]
[TimeControl "180+2"]
[EndTime "13:54:41 PDT"]
[Termination "AkshatChandra won by resignation"]

1. e4 g6 2. d4 Bg7 3. Nc3 d5 4. Nxd5 c6 5. Ne3 Qxd4 6. Qxd4 Bxd4 7. Nf3 Bb6 8. Nc4 Bc7 9. a4 Nf6 10. Bd3 Nbd7 11. Be3 Ng4 12. Bd4 e5 13. Bc3 f6 14.
h3 Nh6 15. Bb4 Nf7 16. a5 Nf8 17. O-O Be6 18. Rfd1 Nd7 19. Ne3 O-O-O 20. Bc4 Rhe8 21. Bxe6 Rxe6 22. c4 Bd6 23. Bxd6 Nxd6 24. Nd2 Nc5 25. f3 Nd3 26. Rab1 Nf7 27. Kf1 Red6 28. Nb3 Ng5 29.
c5 R6d7 30. a6 bxa6 31. Ra1 Ne6 32. Rxa6 Kb7 33. Rda1 Ra8 34. R6a5 Nd4 35. Nxd4 Rxd4 36. b3 Rb4 37. Nc4 Rxb3 38. Nb6 axb6 39. Rxa8 bxc5 40. R1a7+ Kb6 41. Rb8+ Kxa7 42. Rxb3 Nb4 43. Ke2 Kb6 44. Kd2 Kb5 45. Ra3 Na6 46. Kc3 c4 47. Ra1 Nc5 48.
Ra7 h5 49. h4 Nd3 50. Rg7 Nf4 51. g3 Ne2+ 52. Kd2 Nd4 53. Rxg6 Nxf3+ 54. Kc3 Kc5 55. Rxf6 Nd4 56. Rf2 Nb5+ 57. Kc2 Kd4 58. g4 hxg4 59. h5 Ke3 60. Rf6 Nd4+ 61. Kc3 g3 62. h6 Ne2+ 63. Kxc4 Nf4 64. Rf5 Ne6 65. Rf6 Ng5 66. Rg6 Nf7 67. Rxg3+ Kxe4 68. h7 Kf4 69. Rg7 Nh8 70. Rg8 1-0

[Event "*** Biggest EVER Titled Tuesday"]
[Site "Chess.com"]
[Date "2018.04.17"]
[Round "4"]
[White "Vahe_Dan1"]
[Black "Firouzja2003"]
[Result "1-0"]
[WhiteElo "2530"]
[BlackElo "2712"]
[TimeControl "180+2"]
[EndTime "13:54:43 PDT"]
[Termination "Vahe_Dan1 won by resignation"]

1. e4 c5 2. Nf3 e6 3. d4 cxd4 4. Nxd4 Nc6 5. Nc3 Qc7 6. Be3 a6 7. Qf3 Nf6 8. O-O-O Ne5 9. Qg3 b5 10. f4 Neg4 11. Bg1 b4 12. Na4 h5 13. e5 Ne4 14.
Qe1 Bb7 15. h3 Nh6 16. Bd3 Nc5 17. Nxc5 Bxc5 18. Qg3 g6 19. Kb1 Nf5 20. Nxf5 gxf5 21. Bxc5 Qxc5 22. Be2 h4 23. Qd3 Bc6 24. Bf3 Bb5 25.
Qd4 Rc8 26. Qd2 Ke7 27. Be2 Qxc2+ 28. Qxc2 Rxc2 29. Bxb5 Rc7 30. Be2 Rg8 31. Bf3 Rc4 32. Rd2 Rxf4 33. Rhd1 Rd8 34. Bc6 Kf8 35. Rxd7 Rxd7 36.
Rxd7 Rf1+ 37. Kc2 Re1 38. Kb3 a5 39. Bb5 Rxe5 40. Ka4 f4 41. Kxa5 Rg5 42. Rd2 e5 43.
Kxb4 e4 44. Bc6 e3 45. Re2 Ke7 46. a4 Kd6 47. Bf3 Rg8 48. a5 Rb8+ 49. Kc3 Kc5 50. Kd3 Rb4 51. a6 Kb6 52. Kc3 Ra4 53. Bb7 f5 54. b3 Ra1 55. Bf3 Rxa6 56. Kd4 Ra5 57. Rc2 Rb5 58. Rc6+ Ka7 59. Rc7+ Kb8 60. Re7 Rxb3 61. Ke5 e2 62. Kxf4 1-0

[Event "*** Biggest EVER Titled Tuesday"]
[Site "Chess.com"]
[Date "2018.04.17"]
[Round "4"]
[White "Wraku89"]
[Black "Illingworth"]
[Result "1-0"]
[WhiteElo "2592"]
[BlackElo "2720"]
[TimeControl "180+2"]
[EndTime "13:54:47 PDT"]
[Termination "Wraku89 won by resignation"]

1. e4 e5 2. Nf3 Nf6 3. Nc3 Nc6 4. a3 g6 5. d4 exd4 6. Nxd4 Bg7 7. Nde2 O-O 8. g3 d6 9. Bg2 Re8 10. O-O Bd7 11. h3 Qc8 12. Kh2 a5 13. f4 a4 14.
Qd3 Ra5 15. g4 h5 16. g5 Nh7 17. Nd5 Ne7 18. Bd2 Rc5 19. Ndc3 Qa8 20. Be3 Ra5 21. Bd4 Bxd4 22. Nxd4 Qa6 23. Qd2 Qb6 24. Kh1 Rc5 25.
Nde2 Bb5 26. Bf3 Bxe2 27. Qxe2 Ra8 28. Rab1 Nc6 29. Qd2 Qa5 30. f5 Re8 31. fxg6 fxg6 32. Bg2 Nxg5 33. Qf4 Rxc3 34. bxc3 Qe5 35. Rxb7 Qxf4 36.
Rxf4 Re7 37. e5 Nxe5 38. Rxa4 Ne6 39. Bd5 Kg7 40. Bxe6 Rxe6 41. Rxc7+ Kh6 42. Re4 g5 43. a4 Kg6 44. a5 Kf5 45. Re1 d5 46. Rc5 Rd6 47.
Ra1 Nd7 48. Rb5 Ra6 49. Rxd5+ Ke6 50. Rxg5 Nf6 51. Rf1 Ke7 52. Re5+ Kd7 53. c4 h4 54. Rb5 Ne4 55. Rd1+ Kc6 56. Rd4 Ng3+ 57. Kg2 Ra8 58. Rxh4 Ne2 59. Rh6+ Kc7 60. Kf2 Nd4 61. Rc5+ 1-0

[Event "*** Biggest EVER Titled Tuesday"]
[Site "Chess.com"]
[Date "2018.04.17"]
[Round "4"]
[White "Makalexa"]
[Black "josephymwale33"]
[Result "0-1"]
[WhiteElo "2091"]
[BlackElo "2134"]
[TimeControl "180+2"]
[EndTime "13:54:48 PDT"]
[Termination "josephymwale33 won on time"]

1. e4 e6 2. d4 d5 3. Nc3 Nf6 4. Bg5 Be7 5. e5 Nfd7 6. Bxe7 Qxe7 7. f4 O-O 8. Nf3 c5 9. dxc5 Nxc5 10. Bd3 Nxd3+ 11.
cxd3 Nc6 12. O-O f6 13. Qe2 b6 14. Rac1 Bb7 15. Nb5 fxe5 16. fxe5 Rac8 17. Nbd4 Nxd4 18.
Nxd4 Rxf1+ 19. Qxf1 h6 20. Rxc8+ Bxc8 21. Qc1 Ba6 22. Qc3 Kh7 23. Kf2 Qh4+ 24. Kf1 Qf4+ 25. Nf3 Qe3 26. Ne1 d4 27. Qa3 Bb7 28. Qd6 Ba6 29. Qxe6 Bxd3+ 30. Nxd3 Qxd3+ 31. Kf2 Qe3+ 32. Kf1 Qf4+ 33. Ke2 Qe4+ 34. Kf1 Qb1+ 35. Kf2 Qxb2+ 36. Kg3 Qc3+ 37. Kf4 Qe3+ 38. Kg4 Qe4+ 39. Kh3 d3 40. Qd6 Qe3+ 41. g3 d2 42. e6 Qe2 43. e7 d1=Q 44. Qxd1 Qxd1 45. e8=Q Qf1+ 46. Kg4 Qd1+ 47. Kh3 Qd3 48.
Qa8 a5 49. Qc6 Qf5+ 50. Kg2 b5 51. Qb6 a4 52. Qe3 b4 53. h4 b3 54. axb3 Qc2+ 55.
Kh3 axb3 56. h5 b2 57. Kh4 b1=Q 0-1

[Event "*** Biggest EVER Titled Tuesday"]
[Site "Chess.com"]
[Date "2018.04.17"]
[Round "4"]
[White "nailbeshirli"]
[Black "MattyDPerrine"]
[Result "1-0"]
[WhiteElo "2306"]
[BlackElo "2248"]
[TimeControl "180+2"]
[EndTime "13:54:51 PDT"]
[Termination "nailbeshirli won by resignation"]

1. e4 c5 2. Nf3 e6 3. Nc3 a6 4. d4 cxd4 5. Nxd4 Qc7 6. Be3 Nf6 7.
Qd2 Bb4 8. Bd3 d5 9. exd5 Nxd5 10.
Nde2 Nxe3 11. Qxe3 Nd7 12. O-O Nf6 13. Ne4 Nd5 14.
Qg3 Qxg3 15. hxg3 f5 16. Ng5 Be7 17. Nf3 Bf6 18. c3 e5 19. Bc4 Be6 20. Rfe1 Nc7 21. Bxe6 Nxe6 22. Nf4 exf4 23. Rxe6+ Kd7 24. Re2 fxg3 25.
fxg3 Rhe8 26. Rd1+ Kc7 27. Rf2 g6 28. Nd4 Bg5 29. Kf1 Re3 30. Nf3 Bf6 31. Rfd2 Rd8 32.
Rxd8 Bxd8 33. Kf2 Re7 34. Nd4 Kc8 35. Kf3 Re4 36. Rh1 h5 37. Rd1 Bg5 38. Rd3 Bf6 39. Ne2 h4 40. gxh4 Rxh4 41. Nf4 Rg4 42. g3 Be5 43.
Re3 Bd6 44. Re6 Bxf4 45. gxf4 Kd7 46. Rb6 Kc7 47. Rf6 Rg1 48. a4 Rb1 49. Rxg6 Rxb2 50. Rf6 Rc2 51. Rxf5 Rxc3+ 52. Kg4 Ra3 53. a5 b6 54.
Rf7+ Kc6 55. Rf6+ Kc5 56. axb6 Rb3 57. f5 a5 58. Re6 a4 59. f6 Rb1 60. f7 Rg1+ 61.
Kh5 1-0

[Event "*** Biggest EVER Titled Tuesday"]
[Site "Chess.com"]
[Date "2018.04.17"]
[Round "4"]
[White "saraswathii"]
[Black "Winehouse83"]
[Result "1-0"]
[WhiteElo "2287"]
[BlackElo "2343"]
[TimeControl "180+2"]
[EndTime "13:54:51 PDT"]
[Termination "saraswathii won by checkmate"]

1. d4 Nf6 2. Bf4 d5 3. e3 c5 4. c3 Nc6 5. Nf3 Qb6 6. Qb3 c4 7. Qc2 Bf5 8. Qc1 h6 9. Be2 e6 10. O-O Be7 11. h3 O-O 12. Nbd2 Qd8 13. Re1 b5 14.
Nh2 a5 15. Bf3 a4 16. a3 Na5 17. Bd1 Nb3 18. Bxb3 axb3 19. f3 Bd3 20. e4 dxe4 21. fxe4 Nh5 22. Be3 Bh4 23. Bf2 Bxf2+ 24. Kxf2 Qh4+ 25.
Kg1 Nf4 26. Qd1 Qg3 27. Qg4 Qxg4 28. Nxg4 Bc2 29. Ne3 Nd3 30. Nxc2 bxc2 31. Rec1 Nxc1 32. Rxc1 f5 33. Rxc2 fxe4 34. Nxe4 Rf4 35. Nc5 Kf7 36. Re2 Rf6 37. Nd7 Rf5 38. Nc5 Re8 39. g4 Rd5 40.
Kg2 e5 41. Rf2+ Kg8 42. Na6 Rd7 43. Re2 e4 44. Nc5 Rde7 45. Re3 g5 46. Kg3 Kg7 47. Kg2 Kg6 48. Kg3 h5 49. Kg2 hxg4 50. hxg4 Rh8 51. Nxe4 Reh7 52. Ng3 Rh2+ 53. Kf3 Rf8+ 54. Nf5 Rxb2 55.
Re6+ Rf6 56. Re7 Rf7 57. Re6+ Kh7 58. Rh6+ Kg8 59. Rg6+ Kf8 60. Rh6 Rb3 61. Rh8# 1-0

[Event "*** Biggest EVER Titled Tuesday"]
[Site "Chess.com"]
[Date "2018.04.17"]
[Round "4"]
[White "Jbd735"]
[Black "cheese111"]
[Result "1-0"]
[WhiteElo "2292"]
[BlackElo "2398"]
[TimeControl "180+2"]
[EndTime "13:54:55 PDT"]
[Termination "Jbd735 won by resignation"]

1. d4 d5 2. Nf3 Nf6 3. c3 e6 4. Bg5 Be7 5. e3 Nbd7 6. Bd3 c5 7. Nbd2 b6 8. Qe2 Bb7 9. O-O O-O 10. Ne5 Nxe5 11. dxe5 Ne4 12. Bxe7 Qxe7 13. f4 Nxd2 14. Qxd2 f6 15. exf6 Qxf6 16. Qe2 Rad8 17. Rae1 e5 18. fxe5 Qxe5 19. Rxf8+ Rxf8 20. e4 d4 21. c4 Bc8 22.
Rf1 Be6 23. Rxf8+ Kxf8 24. Qf2+ Kg8 25. Qh4 Qf6 26. Qxf6 gxf6 27. Kf2 Kf7 28. Kf3 Ke7 29. Kf4 Kd6 30. g4 h6 31. h3 Bd7 32. b3 Ke6 33.
Bc2 b5 34. Bd3 a6 35. Be2 Bc6 36. Bd3 Bd7 37. Be2 Ke7 38. e5 Ke6 39. exf6 Kxf6 40. Bd3 Bc6 41. h4 bxc4 42. g5+ hxg5+ 43. hxg5+ Ke6 44.
Bxc4+ Bd5 45. Bxa6 Bc6 46. Bc4+ Ke7 47. Ke5 Be8 48.
a4 Bg6 49. a5 d3 50. a6 d2 51. Be2 Be8 52. a7 Bc6 53. g6 Bb7 54. Bd1 Bc6 55.
Bc2 Bb7 56. Bd1 Bc6 57. g7 Kf7 58. Kd6 Ba8 59. Kxc5 Kxg7 60. Kb6 Kf6 61. b4 Ke5 62. Kc7 Kd5 63. b5 Kc5 64. b6 1-0

[Event "*** Biggest EVER Titled Tuesday"]
[Site "Chess.com"]
[Date "2018.04.17"]
[Round "4"]
[White "albi1999"]
[Black "StoreySniper"]
[Result "1-0"]
[WhiteElo "2395"]
[BlackElo "2233"]
[TimeControl "180+2"]
[EndTime "13:54:59 PDT"]
[Termination "albi1999 won by resignation"]

1. d4 g6 2. c4 Bg7 3. g3 c5 4. dxc5 Na6 5. Bg2 Nxc5 6. Nc3 Bxc3+ 7. bxc3 d6 8. Nf3 Qa5 9. O-O Be6 10. Ng5 Nf6 11.
Nxe6 fxe6 12. Rb1 Rb8 13. Be3 b6 14. Qc2 Rc8 15. Bh3 Kf7 16. Bd4 Qa4 17. Qd2 Qxc4 18. Rb4 Qd5 19. c4 Qe4 20. f3 Qc6 21. e4 Rcd8 22. Qc3 e5 23. Be3 Ne6 24. Rbb1 Rc8 25. Rbc1 Rc7 26. Qb3 Nc5 27. Qc3 Nb7 28. Qb3 Na5 29.
Qd3 Nxc4 30. Rc3 b5 31. a4 a6 32. axb5 axb5 33. Rfc1 Qb7 34. Bf2 Ra8 35. Rb1 Qa6 36. Rcb3 Rb8 37. g4 g5 38. Bf1 h5 39. h3 hxg4 40.
hxg4 Kg6 41. Rb4 Nd7 42. Qc3 Qc6 43. Bxc4 Rbb7 44. Qb2 Nc5 45. Rxb5 Na4 46. Qa3 Rxb5 47. Bxb5 Qc2 48. Rf1 Nc3 49. Qa8 Nxb5 50. Qe8+ Kf6 51. Qxb5 Rc3 52. Qe8 Qb3 53. Qf8+ Qf7 54. Qxf7+ Kxf7 55. Kg2 Kf6 56. Rb1 Rd3 57. Rb8 Rd2 58. Rf8+ Kg7 59. Rf5 Kg6 60. Kg3 Ra2 61. Be3 Ra8 62.
Rxg5+ Kf7 63. Rh5 Ke6 64. Bg5 Kd7 65. Rh6 Re8 66. Rh7 Ke6 67. Kh4 d5 68. exd5+ Kxd5 69. Rxe7 Rh8+ 70. Kg3 Kd4 71. Bf6 1-0

[Event "*** Biggest EVER Titled Tuesday"]
[Site "Chess.com"]
[Date "2018.04.17"]
[Round "4"]
[White "ehrenfeld"]
[Black "Kriari"]
[Result "1-0"]
[WhiteElo "2488"]
[BlackElo "2757"]
[TimeControl "180+2"]
[EndTime "13:55:03 PDT"]
[Termination "ehrenfeld won by resignation"]

1. e4 e5 2. Nc3 Nc6 3. Bc4 Bc5 4. Qg4 g6 5. Qf3 Nf6 6. Nge2 d6 7. d3 Bg4 8. Qg3 Bxe2 9. Nxe2 Na5 10. Bb3 Nxb3 11. axb3 Nh5 12. Qf3 Ng7 13. O-O O-O 14. Be3 Ne6 15. Bxc5 dxc5 16. Qg3 Qd6 17. Kh1 f6 18. f4 Kh8 19. fxe5 fxe5 20. Qh4 Kg7 21. h3 a6 22. Kg1 Rxf1+ 23. Rxf1 Rf8 24. Rxf8 Qxf8 25. Qf2 Qd6 26. Kh2 b5 27. h4 c6 28. g3 a5 29. Ng1 Nd4 30. Nf3 Qf6 31. Kg2 Ne6 32. Qe3 h6 33.
Qd2 b4 34. Qf2 g5 35. hxg5 hxg5 36. Qe3 Kg6 37. Qd2 Qh8 38. Nh2 Qh5 39. Qf2 g4 40. Nf1 Qh3+ 41. Kg1 Nd4 42. Nd2 Qh6 43. Kg2 Qh3+ 44.
Kg1 Qh6 45. Kg2 Qg5 46. c3 Nc2 47. Nc4 Na1 48. Qxc5 Nxb3 49. Qxc6+ Kg7 50. Qd7+ Kh6 51. Qe6+ Kh7 52. Qf7+ Kh6 53. Qe6+ Kh7 54. Qxe5 Qc1 55. Qh5+ Kg7 56. Qxg4+ Kh7 57. Qh5+ Kg7 58. Qg4+ Kh7 59. Qf4 Qc2+ 60. Kh3 Qxd3 61. Ne5 Qd1 62. Qf7+ 1-0

[Event "*** Biggest EVER Titled Tuesday"]
[Site "Chess.com"]
[Date "2018.04.17"]
[Round "4"]
[White "Gr3egor"]
[Black "dreamist"]
[Result "1-0"]
[WhiteElo "2340"]
[BlackElo "2498"]
[TimeControl "180+2"]
[EndTime "13:55:04 PDT"]
[Termination "Gr3egor won on time"]

1. d4 Nf6 2. c4 Nc6 3. Nc3 e5 4. d5 Ne7 5. e4 Ng6 6. h4 Bb4 7. Bd3 O-O 8. h5 Nf4 9. Bxf4 exf4 10. Qc2 d6 11. O-O-O Bxc3 12. Qxc3 h6 13. Qd2 b5 14. Qxf4 bxc4 15. Bxc4 Rb8 16. Nf3 c6 17. dxc6 Qb6 18. b3 Qxc6 19. Rxd6 Qb7 20. Ne5 Be6 21. Rxe6 fxe6 22.
Bxe6+ Kh8 23. Ng6+ Kh7 24. Nxf8+ Rxf8 25. Bf5+ Kh8 26.
Qe3 Rf7 27. Kb2 a5 28. Rd1 Qb8 29. Qd4 Rf8 30. Qd6 Qa8 31. g4 a4 32. e5 axb3 33. axb3 Ng8 34. Qg6 Rxf5 35. Qxf5 Qa7 36. e6 Qe7 37. f4 Qa7 38. Qc2 Qb8 39. Qc4 Qb6 40.
Rd2 Qe3 41. Rc2 Ne7 42. f5 Qe5+ 43. Qc3 Qf4 44. Qd2 Qe5+ 45. Kb1 Ng8 46. b4 Qe4 47. b5 Qh1+ 48. Qc1 Qd5 49. Qb2 Qd1+ 50. Ka2 Qxg4 51. Qb3 Qxf5 52. Rc8 Qf2+ 53. Qc2 Qa7+ 54. Kb3 Qe3+ 55. Qc3 Qxe6+ 56. Qc4 Qe3+ 57. Kb4 Qe1+ 58.
Kc5 Qe7+ 59. Kb6 Qd6+ 60. Kb7 Qd7+ 61. Ka8 1-0

[Event "*** Biggest EVER Titled Tuesday"]
[Site "Chess.com"]
[Date "2018.04.17"]
[Round "4"]
[White "IMVoja"]
[Black "TregubovP"]
[Result "0-1"]
[WhiteElo "2316"]
[BlackElo "2556"]
[TimeControl "180+2"]
[EndTime "13:55:06 PDT"]
[Termination "TregubovP won by checkmate"]

1. Nf3 c5 2. e4 e6 3. d3 Nc6 4. g3 Nge7 5. Bg2 g6 6. h4 h6 7.
c3 Bg7 8. Be3 b6 9. O-O d5 10.
Re1 d4 11. Bc1 e5 12. cxd4 cxd4 13. b3 O-O 14. Ba3 a5 15. Nbd2 Nb4 16. Nc4 Nec6 17.
Bb2 b5 18. Na3 Qb6 19. Nc2 Bg4 20. a3 Na6 21. Rc1 Nc5 22. Na1 Rac8 23. Qd2 b4 24.
a4 Be6 25. Qd1 Nb8 26. Bf1 Nbd7 27. Nd2 Qa6 28. Nc4 f5 29. exf5 Bxf5 30. Qf3 Kh7 31.
Qd1 Rf7 32. h5 g5 33. g4 Be6 34. Bg2 Kh8 35. Qe2 Rcf8 36. Rf1 Rf4 37. f3 Bg8 38. Rcd1 Re8 39. Bc1 Rff8 40. Bd2 Nb6 41. Be1 Nxc4 42. dxc4 d3 43. Qe3 Qd6 44. Bf2 Rc8 45. Rfe1 Rfd8 46. Rd2 e4 47. fxe4 Be5 48. Qh3 Qf6 49. Rdd1 Bd4 50.
Rf1 Qe5 51. Bxd4 Qxd4+ 52. Kh1 Bh7 53. Rfe1 Nxe4 54. Kh2 Nf2 55. Qe3 Nxd1 56. Qe7 Re8 57. Qxe8+ Rxe8 58. Rxe8+ Kg7 59. Re7+ Kf6 60. Re1 Nf2 61.
Rf1 Ke5 62. Re1+ Kd6 63. Rf1 Nxg4+ 64. Kh3 Ne3 65. Rf7 Qh4# 0-1

[Event "*** Biggest EVER Titled Tuesday"]
[Site "Chess.com"]
[Date "2018.04.17"]
[Round "4"]
[White "Konavets"]
[Black "platy3"]
[Result "0-1"]
[WhiteElo "2790"]
[BlackElo "2683"]
[TimeControl "180+2"]
[EndTime "13:55:11 PDT"]
[Termination "platy3 won by resignation"]

1. Nf3 Nf6 2. c4 g6 3. Nc3 Bg7 4. e4 d6 5. d4 O-O 6. h3 e5 7. d5 a5 8. Bg5 Na6 9. Nd2 Qe8 10. Be2 Nd7 11. g4 Ndc5 12. a3 Bd7 13. Rg1 a4 14. Qc2 c6 15. O-O-O cxd5 16. Nxd5 Ne6 17.
Nf6+ Bxf6 18. Bxf6 Nd4 19. Qd3 Qe6 20. g5 b5 21. Bg4 Qe8 22. Qg3 Bxg4 23. Qxg4 h5 24. gxh6 Kh7 25. Nf3 Nxf3 26. Qxf3 Qe6 27. cxb5 Nc5 28.
Kb1 Rab8 29. Bg7 Rfd8 30. Rg5 Rd7 31. Rd5 Rxb5 32. Bxe5 dxe5 33. Rgxe5 Qb6 34. Qc3 Rb3 35. Qd4 Rd3 36. Qb4 Qxb4 37. axb4 R3xd5 38. Rxd5 Rxd5 39. exd5 Nd7 40. Kc2 Kxh6 41. Kc3 Kg5 42. b5 Kf6 43.
Kb4 Ke5 44. Kxa4 Kxd5 45. Ka5 Kd6 46. Ka6 Kc7 47. Ka7 Nb6 48. b3 g5 49. Ka6 f6 50.
Ka7 f5 51. Ka6 Nd5 52. Ka7 f4 53. f3 Nb6 54. Ka6 Nc8 55. b4 Nd6 56. b6+ Kc6 57. b5+ Kc5 58. Ka5 Nc4+ 59. Ka6 Nxb6 60. Kb7 Kxb5 61. Kc7 Nc4 62. Kd7 Nd2 63. Ke6 Nxf3 64.
Kf5 Nh4+ 0-1

[Event "*** Biggest EVER Titled Tuesday"]
[Site "Chess.com"]
[Date "2018.04.17"]
[Round "4"]
[White "Salem-AR"]
[Black "colemman"]
[Result "1-0"]
[WhiteElo "2699"]
[BlackElo "2499"]
[TimeControl "180+2"]
[EndTime "13:55:13 PDT"]
[Termination "Salem-AR won by resignation"]

1. d4 d5 2. c4 c6 3. Nc3 Nf6 4. Nf3 e6 5. Bg5 Nbd7 6. e3 Qa5 7. cxd5 Nxd5 8. Rc1 N7b6 9. Bd3 Nxc3 10. bxc3 Nd5 11. O-O Nxc3 12. Qb3 Nd5 13. e4 Nb6 14. d5 Ba3 15.
Rce1 O-O 16. Bd2 Qa4 17. Qb1 h6 18. d6 Bxd6 19. e5 Be7 20. Re4 Qa3 21. Rg4 Kh8 22. Bc1 Qc5 23. Be3 Qa3 24. Qc2 Rd8 25. Bg6 Nd5 26. Bxh6 Nb4 27. Qe4 Qd3 28. Bxg7+ Kxg7 29. Qxd3 Nxd3 30. Bxd3+ Kf8 31. Be4 Bc5 32. h4 Ke7 33. g3 Bd7 34. Kg2 Rg8 35. Rf4 Bb6 36. h5 Bc7 37. h6 Rh8 38. Rh1 Rag8 39. Rh5 b6 40. Ng5 Rf8 41. Nf3 c5 42. Bc2 Bc6 43. Kg1 Bxf3 44.
Rxf3 Rfg8 45. h7 Rg7 46. Kf1 Kf8 47. Bd3 Rg4 48. Ke2 Kg7 49. Rf4 Rxf4 50. gxf4 f6 51.
exf6+ Kxf6 52. Kf3 Kf7 53. Kg4 Bd8 54. f5 Bf6 55. Rh6 exf5+ 56. Kxf5 Bg7 57. Bc4+ Ke7 58. Re6+ Kd7 59. Bb5+ Kd8 60. Rd6+ Kc8 61. Kg6 Bd4 62. f4 a5 63. a4 Rf8 64. f5 Rf6+ 65. Rxf6 Bxf6 66.
Kxf6 1-0